Map: 幽暗之塔

Players

Sen

  • Race: Zerg Zerg
  • League: Master

Rex - Winner!

  • Race: Zerg Zerg
  • League: Grandmaster

Event: 2016 WCS Winter Challenger Taiwan

VOD

Have the link to the VOD?

Description

Time

  • Played on: Jan. 16, 2016, 8:59 a.m.
  • Length: 10:11

All games in this series

Show
View Real Time Build Order
Export as new Build Order

Sen Zerg 

Build Orders: Hatch First 

Get SALT Encoding   

  12  0:00  Drone  
  13  0:07  Drone  
  14  0:17  Overlord  
  14  0:22  Extractor  
  14  0:23  Drone  
  15  0:35  Drone x2  
  17  0:44  Drone  
  18  0:54  Hatchery  
  17  1:07  Spawning Pool  
  17  1:10  Drone  
  17  1:15  Drone, Extractor  
  17  1:18  Drone  
  18  1:28  Drone  
  19  1:37  Overlord  
  19  1:50  Drone  
  19  1:53  Queen  
  22  1:59  Zergling x2  
  23  2:05  Queen  
  23  2:06  Drone  
  26  2:11  Drone  
  26  2:15  Metabolic Boost  
  27  2:21  Drone x2  
  29  2:29  Drone  
  30  2:34  Hatchery  
  29  2:39  Overlord  
  29  2:47  Baneling Nest  
  29  2:48  Drone  
  29  2:51  Zergling x2  
  30  2:52  Zergling x2  
  31  3:02  Drone  
  31  3:03  Drone  
  31  3:04  Zergling x4  
  35  3:12  Overlord  
  35  3:14  Drone x2  
  36  3:22  Drone  
  36  3:26  Queen  
  39  3:32  Baneling  
  39  3:36  Drone x6  
  45  3:43  Overlord  
  45  3:46  Drone x3  
  48  3:52  Lair  
  48  3:56  Zergling x2  
  48  4:02  Evolution Chamber  
  48  4:03  Drone  
  48  4:05  Drone x2  
  48  4:06  Drone  
  48  4:07  Drone x2  
  48  4:09  Drone, Extractor  
  54  4:14  Overlord  
  54  4:16  Drone x2  
  56  4:24  Roach Warren  
  56  4:26  Extractor  
  56  4:27  Drone  
  56  4:28  Drone x3  
  58  4:32  Overlord  
  58  4:34  Zerg Missile Weapons Level 1  
  58  4:36  Drone x2  
  60  4:38  Drone  
  60  4:39  Drone  
  60  4:40  Extractor  
  61  4:49  Overlord  
  61  4:51  Drone  
  62  4:53  Drone  
  62  4:57  Overlord  
  62  4:58  Drone x3  
  62  4:59  Drone x2  
  67  5:01  Drone x2  
  67  5:05  Overseer  
  67  5:07  Roach x3  
  73  5:12  Overlord  
  75  5:14  Roach  
  75  5:15  Roach x3  
  83  5:26  Overlord  
  83  5:30  Roach x7  
  83  5:33  Overseer  
  83  5:35  Overlord  
  97  5:37  Overlord x2  
  97  5:42  Overlord  
  97  5:44  Extractor  
  96  5:52  Drone x3  
  96  5:53  Drone x3  
  102  6:02  Overlord  
  102  6:04  Hatchery  
  102  6:10  Drone  
  102  6:13  Overlord, Drone  
  102  6:14  Extractor  
  102  6:15  Roach x7  
  102  6:16  Ravager  
  102  6:17  Ravager x4  
  121  6:21  Overseer  
  121  6:25  Overlord  
  121  6:29  Overlord  
  121  6:36  Overlord x2  
  121  6:44  Evolution Chamber  
  121  6:46  Roach  
  136  6:47  Roach x8  
  136  6:55  Queen  
  136  6:59  Roach x4  
  146  7:02  Zerg Missile Weapons Level 2, Ravager  
  146  7:03  Overlord  
  147  7:09  Roach x5  
  157  7:16  Drone  
  157  7:17  Drone x5  
  157  7:22  Extractor  
  162  7:27  Zerg Ground Armor Level 1  
  162  7:30  Centrifical Hooks  
  162  7:34  Drone  
  163  7:40  Roach x2  
  163  7:41  Roach x6  
  177  7:54  Roach x5  
  177  7:55  Roach  
  189  8:03  Zergling x14  
  189  8:05  Glial Reconstitution  
  196  8:07  Zergling x2  
  196  8:11  Zergling x4  
  199  8:28  Baneling x3  
  199  8:29  Baneling x13  
  199  8:33  Burrow  
  199  8:38  Baneling  
  199  8:39  Baneling  
  165  8:48  Roach x6  
  165  8:49  Roach x10  
  165  8:55  Roach x5  
  164  9:04  Roach x8  
  164  9:06  Roach  
  153  9:11  Roach x3  
  153  9:16  Roach x3  
  153  9:17  Roach  
  159  9:22  Roach x3  
  141  9:26  Roach x2  
  141  9:29  Roach  
  141  9:30  Roach  
  137  9:34  Roach x2  
  135  9:41  Roach  
  135  9:42  Roach  
  125  9:46  Roach x2  
Show
View Real Time Build Order
Export as new Build Order

Rex Zerg - Winner!

Build Orders: Hatch First 

Get SALT Encoding   

  12  0:01  Drone  
  13  0:08  Drone  
  14  0:17  Overlord  
  14  0:22  Extractor  
  14  0:23  Drone  
  15  0:35  Drone x2  
  17  0:52  Hatchery  
  17  0:54  Drone  
  17  1:00  Drone  
  17  1:04  Extractor  
  17  1:15  Spawning Pool  
  17  1:17  Drone  
  17  1:20  Drone  
  18  1:28  Drone  
  19  1:39  Overlord  
  19  1:49  Drone  
  20  2:01  Drone, Queen  
  21  2:03  Queen  
  21  2:04  Zergling x2  
  21  2:07  Metabolic Boost  
  26  2:11  Drone  
  27  2:16  Drone  
  27  2:21  Drone  
  29  2:26  Baneling Nest  
  29  2:29  Zergling x2  
  29  2:44  Drone  
  29  2:45  Drone  
  31  2:53  Drone x2  
  33  3:01  Overlord  
  33  3:02  Hatchery  
  33  3:04  Zergling x2  
  33  3:14  Drone  
  33  3:17  Zergling x2  
  33  3:19  Zergling x2  
  36  3:20  Drone x2  
  36  3:22  Baneling x2  
  36  3:24  Drone  
  39  3:28  Drone x3  
  39  3:32  Drone  
  43  3:34  Drone  
  43  3:41  Drone  
  44  3:47  Roach Warren, Extractor  
  42  3:49  Drone x2  
  42  3:53  Overlord  
  44  3:58  Lair  
  44  4:06  Evolution Chamber  
  44  4:09  Drone  
  44  4:11  Drone x2, Extractor  
  44  4:12  Drone x2  
  44  4:13  Drone  
  44  4:15  Drone  
  49  4:19  Queen  
  49  4:20  Drone  
  52  4:30  Drone x2  
  53  4:35  Zerg Missile Weapons Level 1, Drone  
  53  4:37  Drone x4  
  58  4:40  Overlord  
  58  4:49  Overlord x3  
  58  4:58  Overlord  
  58  5:01  Drone x2  
  58  5:02  Drone x5  
  58  5:04  Extractor  
  58  5:05  Glial Reconstitution  
  64  5:07  Overseer  
  64  5:09  Roach  
  64  5:12  Roach  
  68  5:14  Roach  
  68  5:17  Roach  
  68  5:18  Roach  
  74  5:22  Roach x2  
  74  5:26  Roach x2  
  81  5:30  Drone, Extractor  
  81  5:31  Drone  
  81  5:34  Drone x3  
  81  5:35  Drone x2  
  86  5:36  Drone  
  86  5:38  Ravager x3  
  86  5:40  Ravager  
  91  5:44  Roach  
  91  5:45  Roach x2  
  91  5:48  Overlord  
  97  5:50  Overlord  
  97  6:06  Overlord x3  
  97  6:07  Overlord  
  99  6:11  Roach x3  
  99  6:13  Overlord, Roach  
  99  6:14  Roach x2  
  99  6:15  Overseer  
  109  6:20  Extractor  
  109  6:21  Drone  
  109  6:22  Drone x3  
  109  6:24  Roach  
  109  6:25  Roach  
  116  6:28  Evolution Chamber  
  116  6:30  Drone, Zerg Missile Weapons Level 2  
  116  6:33  Drone  
  117  6:42  Overlord  
  117  6:43  Roach x2  
  117  6:44  Roach  
  123  6:47  Overseer  
  123  6:49  Hatchery  
  123  6:51  Roach x3  
  123  6:53  Roach  
  131  6:54  Ravager  
  131  6:55  Ravager  
  131  6:58  Zerg Ground Armor Level 1  
  132  7:05  Roach x4  
  132  7:07  Overlord  
  140  7:12  Roach  
  140  7:13  Roach x2  
  146  7:18  Overlord  
  146  7:19  Roach  
  146  7:20  Roach x2  
  152  7:27  Roach x4  
  160  7:32  Roach  
  160  7:34  Overlord  
  160  7:36  Overlord  
  162  7:38  Roach  
  162  7:39  Roach  
  166  7:47  Roach  
  166  7:48  Overlord, Roach  
  166  7:50  Overlord, Burrow  
  170  8:02  Roach  
  170  8:03  Roach x7  
  170  8:04  Pneumatized Carapace  
  186  8:08  Roach  
  188  8:20  Roach  
  188  8:21  Roach x5  
  200  8:45  Roach x2  
  200  8:46  Roach x3  
  194  8:53  Roach x7  
  194  8:54  Roach x2  
  199  9:00  Roach  
  179  9:03  Roach  
  179  9:04  Roach x2  
  177  9:10  Roach x3  
  177  9:13  Roach  
  181  9:20  Roach x7  
  178  9:30  Roach x2  
  174  9:36  Roach x4  
  172  9:41  Roach  
  172  9:42  Roach  
  161  9:45  Roach x2  
  161  9:48  Roach  
  161  9:52  Roach  
Tags
 
Add a new tag
Caveats
  • Supply blocks, unpowered buildings, or Contaminate may cause inaccurate times.
  • Supply counts are checked every 10 seconds.